 Dungeon Crawl Stone Soup version 0.21-a0-509-gecc5317 (webtiles) character file.

92 Spazmo the Conjurer (level 4, -1/24 HPs)
             Began as a Deep Elf Conjurer on Nov 30, 2017.
             Slain by an iron imp (7 damage)
             ... summoned by Natasha
             ... on level 2 of the Dungeon.
             The game lasted 00:03:48 (1703 turns).

Spazmo the Conjurer (Deep Elf Conjurer)             Turns: 1703, Time: 00:03:49

Health: -1/24      AC:  2    Str:  5    XL:     4   Next: 35%
Magic:  5/12       EV: 13    Int: 21    God:
Gold:   71         SH:  0    Dex: 15    Spells: 9/12 levels left

rFire    . . .     SeeInvis +   e - +2 dagger (pain)
rCold    . . .     Gourm    .   (no shield)
rNeg     . . .     Faith    .   a - +0 robe
rPois    .         Spirit   .   (no helmet)
rElec    .         Reflect  .   (no cloak)
rCorr    .         Harm     .   (no gloves)
MR       .....                  (no boots)
Stlth    ++........             (no amulet)
HPRegen  0.08/turn              h - ring of see invisible
MPRegen  0.13/turn              (no ring)

@: no status effects
A: no striking features
a: no special abilities


You were on level 2 of the Dungeon.
You were not hungry.

You visited 1 branch of the dungeon, and saw 2 of its levels.

You collected 71 gold pieces.

Inventory:

Hand Weapons
 d - a +0 blowgun
 e - a +2 dagger of pain (weapon)
Missiles
 f - 38 stones (quivered)
Armour
 a - a +0 robe (worn)
Jewellery
 h - a ring of see invisible (left hand)
Scrolls
 l - a scroll of identify {unknown}
 n - a scroll of magic mapping
 o - a scroll of teleportation
 p - a scroll of fear
Potions
 g - a potion of cancellation {unknown}
 i - 3 potions of curing {unknown}
 m - a potion of ambrosia {unknown}
 q - a potion of agility {unknown}
Books
 b - a book of Conjurations

   Spells                             Type                      Level
   a - Magic Dart                     Conjuration                  1
   b - Searing Ray                    Conjuration                  2
   c - Dazzling Spray                 Conjuration/Hexes            3
   d - Fulminant Prism                Conjuration/Hexes            4
   e - Force Lance                    Conjuration/Translocation    4
   f - Iskenderun's Mystic Blast      Conjuration                  4
Comestibles
 c - 2 bread rations
 j - 2 royal jellies


   Skills:
 - Level 3.0 Dodging
 - Level 3.0 Stealth
 + Level 4.6 Spellcasting
 + Level 5.2 Conjurations


You had 9 spell levels left.
You knew the following spells:

 Your Spells              Type           Power        Failure   Level  Hunger
a - Magic Dart            Conj           ####         1%          1    None
b - Searing Ray           Conj           ####..       1%          2    #......


Dungeon Overview and Level Annotations

Branches:
Dungeon (2/15)

Altars:
Hepliaklqana
Kikubaaqudgha

Annotations:
D:2 Natasha


Message History

Confirm with . or Enter, or press ? or * to list all spells.
Aiming: Magic Dart
Press: ? - help, Shift-Dir - straight line, f/p - Natasha
Aim: Natasha (severely wounded)
The magic dart hits Natasha.
Natasha is severely wounded.
The iron imp barely misses you.
Natasha stares at you and mumbles some strange words.
The magic dart hits you!
* * * LOW HITPOINT WARNING * * *
The iron imp barely misses you.
Casting: Magic Dart
Confirm with . or Enter, or press ? or * to list all spells.
Aiming: Magic Dart
Press: ? - help, Shift-Dir - straight line, f/p - Natasha
Aim: Natasha (severely wounded)
The magic dart hits Natasha.
Natasha is almost dead.
Natasha closely misses you. The iron imp hits you!
You die...

#.#...................##.##.....
#.#.######.......##...##.##.####
#.#.# #..#.##.##......##.# #
#.#.# #..#.##.###..#####.####
#.#.# ##..#.##.<..............
#.#.# ###...#.######..#####.####
#.#.# #....##.######..<......# #
#.#.# #.#.###.#5h5...........#
#.#.# #.#)# #.#@#####.######.#
#.#.# #.#.###.#5#####.# #.#
#.#.# #..#.##.........# #.#
#.#.###.###.#.#.####### #.#
#...[..## ##....# #.#
######..###.##### #.### #...#.##
#.... #..#.## ##### #..###


You could see 2 iron imps, Natasha and a crimson imp.

Vanquished Creatures
  Natasha (D:2)
  2 adders (D:2)
  A worm (D:2)
  A dart slug (D:2)
  2 leopard geckos
  9 bats
  A giant cockroach (D:1)
  3 goblins
  6 hobgoblins
  2 jackals (D:2)
  A frilled lizard (D:1)
  5 kobolds
  9 rats
43 creatures vanquished.

Notes
Turn   | Place    | Note
-------+----------+-------------------------------------------
     0 | D:1      | Spazmo the Deep Elf Conjurer began the quest for the Orb.
     0 | D:1      | Reached XP level 1. HP: 10/10 MP: 6/6
   118 | D:1      | Reached XP level 2. HP: 14/15 MP: 1/8
   856 | D:2      | Reached XP level 3. HP: 19/19 MP: 5/10
   916 | D:2      | Learned a level 2 spell: Searing Ray
  1052 | D:2      | Noticed Natasha
  1056 | D:2      | Killed Natasha
  1056 | D:2      | Reached skill level 5 in Conjurations
  1056 | D:2      | Reached XP level 4. HP: 24/24 MP: 6/12
  1430 | D:2      | Found an ancient bone altar of Kikubaaqudgha.
  1548 | D:2      | Found a hazy altar of Hepliaklqana.
  1696 | D:2      | Noticed Natasha
  1703 | D:2      | Slain by an iron imp

Vault maps used:
D:1:      dpeg_arrival_erosion
D:2:      kiku_gazebo_garden_becter, lemuel_crystal_altar, first_bread,
          kennysheep_potato, uniq_natasha

Skill      XL: |  1  2  3 |
---------------+----------+-----
Stealth        | 3 |  3.0
Dodging        | 3 |  3.0
Spellcasting   | 4 |  4.6
Conjurations   | 5 |  5.2

Action                   |  1- 3 |  4- 6 || total
-------------------------+-------+-------++-------
Melee: Unarmed           |    21 |       ||    21
       Dagger            |     8 |       ||     8
 Cast: Magic Dart        |    52 |    41 ||    93
  Use: Scroll            |     6 |       ||     6
  Eat: Chunk             |       |     2 ||     2
Armor: Robe              |     5 |     1 ||     6
Dodge: Dodged            |    29 |    10 ||    39

Table legend:
 A = Spawn XP
 B = Non-spawn XP
 C = Spawn XP percentage of total XP
 D = Spawn monster count
 E = Non-spawn monster count
 F = Spawn count percentage of total count
 G = Total turns spent on level
                    A         B        C        D         E        F      G
               +---------+---------+-------+---------+---------+-------+---------
         Total |       0 |     132 |   0.0 |       0 |      43 |   0.0 |  1703
               +---------+---------+-------+---------+---------+-------+---------
           D:1 |       0 |      36 |   0.0 |       0 |      23 |   0.0 |   819
           D:2 |       0 |      96 |   0.0 |       0 |      20 |   0.0 |   884
               +---------+---------+-------+---------+---------+-------+---------
